 Dungeon Crawl Stone Soup version 0.21.1-1-g345015f (webtiles) character file.

259494 shakethe the Devastator (level 19, -4/125 HPs)
             Began as a Tengu Fire Elementalist on Feb 9, 2018.
             Was the Champion of Vehumet.
             Killed from afar by a crystal guardian (40 damage)
             ... with a crystal bolt
             ... in the Desolation of Salt.
             The game lasted 05:55:23 (51960 turns).

shakethe the Devastator (Tengu Fire Elementalist)  Turns: 51960, Time: 05:55:24

Health: -4/125     AC: 17    Str: 13    XL:     19   Next: 90%
Magic:  8/46       EV: 20    Int: 27    God:    Vehumet [******]
Gold:   2360       SH: 10    Dex: 14    Spells: 6/45 levels left

rFire    . . .     SeeInvis .   T - staff of conjuration {!a}
rCold    . . .     Gourm    .   A - +1 buckler
rNeg     . . .     Faith    .   C - +1 swamp dragon scales
rPois    +         Spirit   .   q - +2 hat
rElec    .         Reflect  .   a - +1 cloak
rCorr    .         Harm     +   I - +0 pair of gloves {archery}
MR       +....                  (boots unavailable)
Stlth    +.........             h - amulet of harm
HPRegen  0.30/turn              L - ring "Muggunuffui" {Str+3 Int+4}
MPRegen  0.30/turn              x - ring of magical power {MP+9}

@: flying quickly and evasively, quick
A: beak, talons 3, large bone plates 1, blink, robust 1, able to fly 2
}: 2/15 runes: decaying, serpentine
a: Stop Flying, Blink, Renounce Religion


You were in the Desolation of Salt.
You worshipped Vehumet.
Vehumet was exalted by your worship.
You were not hungry.

You visited 7 branches of the dungeon, and saw 33 of its levels.
You also visited: Desolation.

You collected 3641 gold pieces.
You spent 1281 gold pieces at shops.

Inventory:

Hand Weapons
 e - the +6 lajatang "Noocy" {freeze, Int+3}
   (You found it in the Desolation of Salt)

   It has been specially enchanted to freeze those struck by it, causing extra
   injury to most foes and up to half again as much damage against particularly
   susceptible opponents.
   It can also slow down cold-blooded creatures.
   It affects your intelligence (+3).
 z - the cursed +1 shortbow of Vaiviti {flame, rC+, unknown}
   (You took it off an imperial myrmidon in the Desolation of Salt)

   It causes projectiles fired from it to burn those they strike, causing extra
   injury to most foes and up to half again as much damage against particularly
   susceptible opponents.
   It protects you from cold.
   It has a curse placed upon it.
 J - the cursed +1 scimitar of Anxiety {flame, MR+ MP+9 Str+3 Int-4, unknown}
   (You took it off an imperial myrmidon in the Desolation of Salt)

   It has been specially enchanted to burn those struck by it, causing extra
   injury to most foes and up to half again as much damage against particularly
   susceptible opponents.
   Big, fiery blades are also staple armaments of hydra-hunters.
   It affects your strength (+3).
   It affects your intelligence (-4).
   It affects your resistance to hostile enchantments.
   It affects your magic capacity (+9).
   It has a curse placed upon it.
 W - the +4 mace "Moxkaet" {flame, rF+ rC+ rN+}
   (You found it on level 6 of the Lair of Beasts)

   It has been specially enchanted to burn those struck by it, causing extra
   injury to most foes and up to half again as much damage against particularly
   susceptible opponents.
   It protects you from fire.
   It protects you from cold.
   It protects you from negative energy.
Missiles
 Q - 2 throwing nets (quivered) {=f, !d}
Armour
 a - a +1 cloak (worn)
   (You took it off Crazy Yiuf on level 2 of the Dungeon)
 q - a +2 hat (worn)
   (You found it on level 2 of the Dungeon)
 A - a +1 buckler (worn)
   (You found it on level 5 of the Dungeon)
 C - +1 swamp dragon scales (worn)
   (You found it on level 2 of the Swamp)
 I - a +0 pair of gloves of archery (worn)
   (You found it in the Desolation of Salt)
Magical Staves
 T - an uncursed staff of conjuration (weapon) {!a}
   (You found it on level 1 of the Snake Pit)
Jewellery
 b - an uncursed ring of poison resistance {rPois, !d}
   (You found it on level 15 of the Dungeon)
 h - an amulet of harm (around neck)
   (You found it on level 1 of the Dungeon)
 x - a ring of magical power (right hand) {MP+9}
   (You bought it in a shop on level 6 of the Dungeon)
 L - the ring "Muggunuffui" (left hand) {Str+3 Int+4}
   (You found it on level 10 of the Dungeon)

   [ring of strength]

   It affects your strength (+3).
   It affects your intelligence (+4).
 M - an uncursed ring of protection from magic {MR+, !d}
   (You found it on level 1 of the Swamp)
 S - an uncursed ring of see invisible {sInv, !d}
   (You found it on level 11 of the Dungeon)
Wands
 f - a wand of scattershot (18)
   (You found it on level 9 of the Dungeon)
 j - a wand of iceblast (23)
   (You took it off Ijyb on level 5 of the Dungeon)
 k - a wand of enslavement (8)
   (You found it on level 10 of the Dungeon)
 t - a wand of digging (11)
   (You found it on level 4 of the Swamp)
 B - a wand of paralysis (12)
   (You found it on level 4 of the Swamp)
 F - a wand of acid (8)
   (You found it on level 14 of the Dungeon)
 G - a wand of disintegration (29)
   (You found it on level 8 of the Dungeon)
 H - a wand of clouds (16)
   (You found it on level 8 of the Dungeon)
 N - a wand of polymorph (25)
   (You found it on level 10 of the Dungeon)
Scrolls
 g - a scroll of fear
 i - 16 scrolls of teleportation
 p - 11 scrolls of remove curse
 r - 2 scrolls of amnesia
 y - a scroll of brand weapon
 X - 3 scrolls of enchant weapon
 Y - 4 scrolls of identify
 Z - a scroll of summoning
Potions
 d - 2 potions of heal wounds
 l - 4 potions of cancellation
 m - 3 potions of berserk rage {!q}
 n - 4 potions of lignification {!q}
 s - 6 potions of brilliance
 E - a potion of magic
 O - 4 potions of haste
 P - 2 potions of resistance
 R - 2 potions of invisibility
 U - 16 potions of curing
Books
 o - a book of Enchantments
   (You found it on level 4 of the Snake Pit)
 w - a book of Spatial Translocations
   (You found it on level 1 of the Swamp)
 D - the Handbook of the Venomous Birds
   (You found it in the Desolation of Salt)

   Spells                             Type                      Level
   a - Static Discharge               Conjuration/Air              3
   b - Silence                        Hexes/Air                    5
   c - Alistair's Intoxication        Transmutation/Poison         5
   d - Freezing Cloud                 Conjuration/Ice/Air          6
Miscellaneous
 u - a lamp of fire
   (You found it on level 12 of the Dungeon)
 V - a box of beasts
Comestibles
 c - 21 rations
 v - 2 chunks of flesh {@w0}


   Skills:
 - Level 11.1 Fighting
 - Level 4.9 Staves
 - Level 11.4 Armour
 - Level 11.3 Dodging
 - Level 2.0 Stealth
 - Level 4.4 Shields
 + Level 13.9 Spellcasting
 * Level 18.9 Conjurations
 - Level 1.9 Charms
   Level 7.0 Necromancy
 + Level 2.0 Translocations
 * Level 17.8 Fire Magic
 + Level 12.1 Air Magic
 - Level 5.0 Evocations


You had 6 spell levels left.
You knew the following spells:

 Your Spells              Type           Power        Failure   Level  Hunger
a - Airstrike             Air            ######....   1%          4    None
b - Blink                 Tloc           N/A          3%          2    None
c - Conjure Flame         Conj/Fire      ########     0%          3    None
d - Bolt of Magma         Conj/Fire/Erth #######...   1%          5    ##.....
e - Spellforged Servitor  Conj/Summ      #######...   22%         7    ######.
f - Fireball              Conj/Fire      ########..   1%          5    ##.....
g - Swiftness             Chrm/Air       ######..     1%          2    None
h - Orb of Destruction    Conj           ########..   1%          7    ######.
s - Sticky Flame          Conj/Fire      ########     1%          4    None


Dungeon Overview and Level Annotations

Branches:
Dungeon (15/15)            Temple (1/1) D:6            Lair (6/6) D:8
  Swamp (4/4) Lair:2        Snake (4/4) Lair:3        Slime (0/5) Lair:6
    Orc (2/2) D:10            Elf (1/3) Orc:2        Vaults (0/5) D:14
 Depths (0/5) D:15

Altars:
Ashenzari
Cheibriados
Elyvilon
Fedhas
Gozag
Hepliaklqana
Kikubaaqudgha
Makhleb
Nemelex Xobeh
Ru
Trog
Vehumet
Wu Jian
Yredelemnul
Zin
The Shining One
Beogh
Jiyva

Shops:
D:6 =**:   D:11 (   D:13 [(([[   Orc:2 }?(!!   Snake:1 (   Snake:2 ([

Portals:
Trove: Elf:1 (give +6 demon trident)


Innate Abilities, Weirdness & Mutations

You have a beak for a mouth.
You have claws for feet.
You can fly continuously.
You are partially covered in large bone plates. (SH +4)
You can translocate small distances at will.
You are robust. (+10% HP)


Message History

A saltling comes into view.
An ironbrand convoker comes into view. It is wielding a great mace.
The ragged hierophant gestures at you while chanting.
A blast of power from the earth and the saltlings strikes you!
The saltling misses you.
The ironbrand convoker begins to recite a word of recall!
You take 19 damage, and have 78/125 hp.
The guardian serpent shouts!
You block the saltling's attack.
The guardian serpent casts a spell at you.
The bolt of poison hits the saltling.
The saltling completely resists.
The bolt of poison hits you! You resist.
You take 7 damage, and have 71/125 hp.
The ragged hierophant points at you and mumbles some strange words.
A blast of power from the earth and the saltlings strikes you!
You take 24 damage, and have 47/125 hp.
A crystal guardian comes into view.
The guardian serpent is recalled.
The saltling hits you.
The ragged hierophant casts a spell at you.
A blast of power from the earth and the saltlings strikes you!
* * * LOW HITPOINT WARNING * * *
You take 13 damage, and have 34/125 hp.
The saltling barely misses you.
A guardian serpent comes into view.
Okay, then.
Aim: a saltling (salt)
You feel a surge of power!
The bolt of magma hits the saltling.
You are feeling hungry.
The saltling barely misses you. You block the saltling's attack.
You now have 10/46 mp.
Aim: a saltling (salt, severely damaged)
You feel a surge of power!
The bolt of magma hits the saltling.
You destroy the saltling!
Vehumet accepts your kill.
You feel your power returning. The saltling completely misses you.
You now have 10/46 mp.
Aim: a guardian serpent (salt)
You feel a surge of power!
The fireball explodes!
The fireball engulfs the guardian serpent.
You kill the guardian serpent!
Vehumet accepts your kill.
You feel your power returning.
The fireball engulfs the saltling.
The saltling misses you. You block the saltling's attack.
You now have 6/46 mp.
You blink.
You feel slightly more hungry.
You take 6 damage, and have 31/125 hp.
Aim: a saltling (salt, almost destroyed)
You feel a surge of power!
The fireball explodes!
The fireball engulfs the saltling.
You destroy the saltling!
Vehumet accepts your kill.
You feel your power returning.
The fireball engulfs the saltling.
The fireball engulfs the guardian serpent.
You kill the guardian serpent!
Vehumet accepts your kill.
You feel your power returning.
You now have 6/46 mp.
Aim: a guardian serpent (salt)
Okay, then.
You blink.
You feel slightly more hungry.
You take 5 damage, and have 28/125 hp.
Aim: a guardian serpent You feel a surge of power!
The fireball explodes!
The fireball engulfs the guardian serpent.
The fireball engulfs the saltling.
You destroy the saltling!
Vehumet accepts your kill.
You feel your power returning.
The guardian serpent casts a spell at you.
The bolt of poison misses you.
You now have 5/46 mp.
Aim: a guardian serpent (severely wounded)
You feel a surge of power!
The fireball explodes!
The fireball engulfs the guardian serpent.
You kill the guardian serpent!
Vehumet accepts your kill.
You feel your power returning.
Your Translocations skill increases to level 2!
You now have 4/46 mp.
Things that are here:
a spear; a robe
Aim: a saltling (salt)
You feel a surge of power!
The bolt of magma hits the saltling.
You destroy the saltling!
Vehumet accepts your kill.
You feel your power returning.
You now have 7/46 mp.
Aim: a saltling (salt)
You feel a surge of power!
The bolt of magma hits the saltling.
You destroy the saltling!
Vehumet accepts your kill.
You feel your power returning.
You start resting.
Eating one of 3 chunks of flesh {@w0}.
You eat one of the 3 chunks of flesh {@w0}.
The crystal guardian glitters, brittle, in the dim dungeon light.
The crystal guardian fires a crystalline bolt at you.
The crystal bolt burns you!
You die...

.........##..§§§§§§.§§.......####
..........#...§§§§§§.§8......####
.....).......§§§§§§§§§.......####
.............§§§§§§§§§.......####
.............§§§§§§§§§.......####
.............§.§§§§§§§§§.....####
.........#....§§§§8§§§§§§....####
.........#..§.§§§§§§§§§.§....####
............§§§§@§§§§§§......###
###############################
##############################
##############################
#############################
###########################
########################
###############


You could see a crystal guardian.

Vanquished Creatures
  Vashnia (Snake:4)
  the Lernaean hydra (Swamp:4)
  Jorgrun (Snake:4)
  The ghost of garbagetei the Earth Mage, an adept GrEE of Vehumet (Swamp:3)
  Agnes (D:14)
  Roxanne (D:14)
  13 nagarajas
  2 imperial myrmidons (Desolation)
  Aizul (Snake:2)
  A stone giant (Orc:2)
  A very ugly thing (Swamp:4)
  Nessos (Lair:6)
  2 halazid warlocks (Desolation)
  A crystal guardian (Desolation)
  3 ragged hierophants (Desolation)
  Snorg (D:10)
  A yaktaur captain (D:14)
  21 hydras
  13 naga warriors
  6 peacekeepers (Desolation)
  7 anacondas
  5 servants of whispers (Desolation)
  5 centaur warriors
  A death knight (D:12)
  2 ghost crabs (Swamp:4)
  A merfolk avatar (Lair:6)
  13 alligators
  A dancing weapon (Elf:1)
  10 two-headed ogres
  4 ogre magi
  Urug (Lair:2)
  26 naga sharpshooters
  Nergalle (Orc:2)
  3 deep elf knights (Elf:1)
  10 shock serpents
  A sun demon (D:14)
  A salamander mystic (Snake:3)
  17 swamp dragons
  A deep elf archer (Elf:1)
  4 unseen horrors
  6 naga ritualists
  8 mana vipers
  4 shambling mangroves
  2 ironbrand convokers (Desolation)
  2 phantasmal warriors (D:12)
  A harpy (Lair:6)
  2 orc knights (Orc:2)
  10 orc sorcerers
  2 manticores
  23 deep elf magi
  13 ugly things (D:15)
  7 salamanders
  11 guardian serpents
  3 cyclopes
  7 elephants
  30 black mambas
  25 naga magi
  A komodo dragon (shapeshifter) (D:14)
  2 gargoyles
  23 spiny frogs
  An efreet (D:15)
  A centaur skeleton (D:15)
  A kobold demonologist (D:11)
  14 komodo dragons
  2 rime drakes
  2 yaktaurs (D:14)
  6 trolls
  An ice devil (D:14)
  A queen bee (Lair:1)
  5 polar bears
  A meliai (D:10)
  4 tyrant leeches
  14 hornets
  22 slime creatures
  42 saltlings (Desolation)
  Grinder (D:4)
  2 wind drakes (Lair:6)
  10 dream sheep
  7 blink frogs
  A bog body (Swamp:3)
  14 hippogriffs
  Sigmund (D:2)
  5 wyverns
  3 spriggans
  5 shadows
  4 water elementals (D:12)
  33 yaks
  2 wraiths
  Eustachio (D:5)
  A basilisk (D:10)
  3 hungry ghosts (D:10)
  Edmund (D:4)
  2 two-headed ogre zombies (D:10)
  20 vampire mosquitoes
  2 wargs
  19 water moccasins
  3 soldier ants
  Duvessa (D:5)
  52 nagas
  28 swamp worms
  2 acid dragons
  16 orc warriors
  8 porcupines
  14 swamp drakes
  6 ice beasts
  5 sky beasts
  2 black bears
  6 necrophages
  3 phantoms
  11 ogres
  23 centaurs
  14 crocodiles
  8 bullfrogs
  A big kobold (D:7)
  3 wyvern zombies
  A gnoll sergeant (D:7)
  Dowan (D:5)
  3 scorpions
  27 killer bees
  13 wights
  10 electric eels
  11 crimson imps
  3 bullfrog zombies (D:11)
  5 jellies
  4 centaur zombies
  8 hounds
  12 orc priests
  32 orc wizards
  A bullfrog skeleton (D:4)
  6 hell rats (Lair:3)
  5 iguanas
  11 worker ants
  Crazy Yiuf (D:2)
  Ijyb (D:5)
  A killer bee zombie (D:6)
  6 ogre zombies (D:10)
  2 hound zombies
  A hound skeleton (D:7)
  A howler monkey zombie (D:7)
  A worker ant zombie (D:11)
  6 gnolls
  15 adders
  3 shadow imps
  4 white imps (D:14)
  An ooze (D:3)
  2 adder zombies
  An adder skeleton (D:6)
  3 worms
  3 dart slugs
  3 leopard geckos
  67 orcs
  2 ball pythons
  4 giant cockroaches
  5 goblins (D:1)
  8 hobgoblins
  14 jackals
  12 kobolds
  2 quokkas
  9 bats
  5 frilled lizards
  2 goblin skeletons (D:10)
  A hobgoblin skeleton (D:10)
  2 hobgoblin zombies (D:10)
  10 orc skeletons (D:10)
  10 orc zombies (D:10)
  2 quokka skeletons
  13 rats
  4 bushes
  A fungus (Lair:5)
  2 plants
1212 creatures vanquished.

Vanquished Creatures (others)
  A wyvern (Lair:6)
  An orc wizard (Orc:2)
  11 bushes
  4 fungi
  31 plants
48 creatures vanquished.

Grand Total: 1260 creatures vanquished

Notes
Turn   | Place    | Note
-------+----------+-------------------------------------------
     0 | D:1      | shakethe the Tengu Fire Elementalist began the quest for the Orb.
     0 | D:1      | Reached XP level 1. HP: 10/10 MP: 4/4
    70 | D:1      | Reached XP level 2. HP: 12/15 MP: 1/6
   426 | D:1      | Reached skill level 2 in Conjurations
   727 | D:1      | Reached skill level 4 in Fire Magic
   727 | D:1      | Reached XP level 3. HP: 17/19 MP: 4/7
  1381 | D:2      | Noticed Sigmund
  1604 | D:2      | Reached XP level 4. HP: 24/24 MP: 5/8
  1609 | D:2      | Learned a level 3 spell: Conjure Flame
  1617 | D:2      | Learned a level 4 spell: Sticky Flame
  2457 | D:2      | Found a runed door.
  2477 | D:2      | Gained mutation: You can translocate small distances at will. [potion of mutation]
  2477 | D:2      | Gained mutation: You are robust. (+10% HP) [potion of mutation]
  2477 | D:2      | Gained mutation: You evolve. [potion of mutation]
  2786 | D:3      | Reached skill level 3 in Conjurations
  2959 | D:3      | Gained mutation: You can fly. [Tengu growth]
  2959 | D:3      | Reached XP level 5. HP: 29/30 MP: 6/10
  3133 | D:3      | Reached skill level 3 in Spellcasting
  3133 | D:3      | Reached skill level 5 in Fire Magic
  3386 | D:3      | Noticed an ogre
  3445 | D:3      | Killed an ogre
  3445 | D:3      | Reached XP level 6. HP: 35/35 MP: 3/11
  3736 | D:4      | Noticed Grinder
  3765 | D:4      | Paralysed by Grinder for 4 turns
  3773 | D:4      | Paralysed by Grinder for 3 turns
  4119 | D:4      | Reached skill level 4 in Conjurations
  4210 | D:4      | Gained mutation: You are partially covered in large bone plates. (SH +4) [evolution]
  4210 | D:4      | Lost mutation: You evolve. [end of evolution]
  4222 | D:4      | Noticed Edmund
  4254 | D:4      | HP: 8/35 [poisoned by Edmund]
  4260 | D:4      | HP: 6/35 [poisoned by Edmund]
  4268 | D:4      | HP: 5/35 [poisoned by Edmund]
  4276 | D:5      | Entered Level 5 of the Dungeon
  4276 | D:5      | HP: 4/35 [poisoned by Edmund]
  4729 | D:5      | Noticed Eustachio
  4870 | D:5      | Found a hazy altar of Hepliaklqana.
  4877 | D:5      | Noticed Duvessa
  4884 | D:5      | Noticed Dowan
  4892 | D:5      | Killed Duvessa
  4892 | D:5      | Reached skill level 6 in Fire Magic
  5016 | D:5      | Killed Dowan
  5016 | D:5      | Reached XP level 7. HP: 34/39 MP: 7/13
  5029 | D:5      | Found a shattered altar of Ashenzari.
  5047 | D:5      | HP: 5/39 [ogre/giant spiked club (26)]
  5329 | D:5      | Noticed Ijyb
  5338 | D:5      | Killed Ijyb
  5338 | D:5      | Reached skill level 5 in Conjurations
  5341 | D:5      | Reached skill level 4 in Spellcasting
  5347 | D:5      | Reached skill level 7 in Fire Magic
  5745 | D:5      | Killed Eustachio
  5745 | D:5      | Reached XP level 8. HP: 30/45 MP: 3/15
  5906 | D:6      | Found Uzyl's General Store.
  5979 | D:6      | Reached skill level 1 in Shields
  5985 | D:6      | Found a staircase to the Ecumenical Temple.
  6015 | Temple   | Entered the Ecumenical Temple
  6042 | Temple   | Became a worshipper of Vehumet
  6246 | D:6      | Found Sitappul's Book Emporium.
  6337 | D:6      | Found Varec's Assorted Antiques.
  6436 | D:6      | Reached skill level 2 in Shields
  6453 | D:6      | Found Tinn's Jewellery Shop.
  6459 | D:6      | Bought an uncursed ring of magical power for 200 gold pieces
  6599 | D:6      | Reached skill level 3 in Shields
  6613 | D:6      | Found a white marble altar of Elyvilon.
  7175 | D:4      | Killed Grinder
  7175 | D:4      | Reached skill level 4 in Shields
  7529 | D:4      | Reached skill level 6 in Conjurations
  7577 | D:4      | Reached skill level 1 in Fighting
  7582 | D:4      | Reached skill level 1 in Armour
  7680 | D:4      | Noticed a hippogriff
  7694 | D:4      | Killed a hippogriff
  7694 | D:4      | Reached skill level 3 in Dodging
  7694 | D:4      | Reached skill level 8 in Fire Magic
  7694 | D:4      | Reached XP level 9. HP: 22/51 MP: 17/17
  8270 | D:4      | Killed Edmund
  8419 | D:2      | Killed Sigmund
  8419 | D:2      | Reached skill level 2 in Fighting
  8419 | D:2      | Reached skill level 2 in Armour
  8419 | D:2      | Reached skill level 5 in Spellcasting
  8868 | D:7      | Reached * piety under Vehumet
  8868 | D:7      | Offered knowledge of Shock by Vehumet.
  8981 | D:7      | Learned a level 5 spell: Fireball
  8985 | D:7      | Learned a level 3 spell: Inner Flame
  8997 | D:7      | Learned a level 1 spell: Shock
  9371 | D:7      | Reached skill level 4 in Dodging
  9371 | D:7      | Reached skill level 7 in Conjurations
  9381 | D:7      | Reached skill level 3 in Armour
  9416 | D:7      | Reached skill level 3 in Fighting
 10334 | D:8      | Reached XP level 10. HP: 61/61 MP: 19/19
 10567 | D:8      | Found a staircase to the Lair.
 10677 | D:8      | Reached skill level 4 in Armour
 10677 | D:8      | Reached skill level 9 in Fire Magic
 10931 | D:9      | Reached skill level 8 in Conjurations
 10958 | D:9      | Noticed a two-headed ogre
 10966 | D:9      | Killed a two-headed ogre
 10966 | D:9      | Reached skill level 4 in Fighting
 10966 | D:9      | Reached skill level 5 in Dodging
 10966 | D:9      | Reached skill level 6 in Spellcasting
 10982 | D:9      | Reached ** piety under Vehumet
 10982 | D:9      | Offered knowledge of Freeze by Vehumet.
 11825 | D:10     | Entered Level 10 of the Dungeon
 11961 | D:10     | Reached skill level 5 in Armour
 11984 | D:10     | Noticed Snorg
 12110 | D:10     | Killed Snorg
 12110 | D:10     | Reached skill level 5 in Fighting
 12110 | D:10     | Reached skill level 6 in Dodging
 12110 | D:10     | Reached skill level 9 in Conjurations
 12110 | D:10     | Reached XP level 11. HP: 61/69 MP: 11/21
 12342 | D:10     | Noticed a two-headed ogre
 12388 | D:10     | Offered knowledge of Dazzling Spray by Vehumet.
 12393 | D:10     | Reached skill level 6 in Armour
 12441 | D:10     | Noticed a two-headed ogre
 12444 | D:10     | Killed a two-headed ogre
 12444 | D:10     | Reached skill level 7 in Spellcasting
 12444 | D:10     | Reached skill level 10 in Fire Magic
 12481 | D:10     | Killed a two-headed ogre
 12533 | D:10     | Noticed an unseen horror
 12533 | D:10     | Killed an unseen horror
 12704 | D:10     | Got a steaming lapis lazuli ring
 12754 | D:10     | Identified the ring "Muggunuffui" {Str+3 Int+4} (You found it on level 10 of the Dungeon)
 12759 | D:10     | Learned a level 3 spell: Regeneration
 12817 | D:10     | Found a staircase to the Orcish Mines.
 12818 | D:10     | Reached *** piety under Vehumet
 12819 | D:10     | Reached skill level 6 in Fighting
 12833 | D:10     | Offered knowledge of Airstrike by Vehumet.
 12834 | D:10     | Reached skill level 7 in Dodging
 12901 | D:10     | Reached skill level 10 in Conjurations
 12919 | D:10     | Got a tattered robe
 12932 | D:10     | Learned a level 4 spell: Airstrike
 13013 | D:10     | Reached skill level 1 in Necromancy
 13070 | D:10     | Reached **** piety under Vehumet
 13085 | D:10     | Reached skill level 1 in Air Magic
 13295 | D:11     | Offered knowledge of Fulminant Prism by Vehumet.
 13453 | D:11     | Reached skill level 2 in Necromancy
 13453 | D:11     | Reached skill level 2 in Air Magic
 13549 | D:11     | Reached XP level 12. HP: 42/78 MP: 24/24
 13681 | D:11     | Identified the +1 robe of Sukhlamir {*Slow Int+2 SInv} (You took it off an orc on level 10 of the Dungeon)
 13778 | D:11     | Reached skill level 7 in Armour
 13803 | D:11     | Found Noivof's Weapon Emporium.
 14071 | D:11     | Reached skill level 3 in Air Magic
 14190 | D:11     | Found a blossoming altar of Fedhas.
 14286 | D:11     | Reached skill level 3 in Necromancy
 14666 | D:12     | Reached ***** piety under Vehumet
 14666 | D:12     | Offered knowledge of Freezing Cloud by Vehumet.
 14731 | D:12     | Noticed a death knight
 14909 | Lair:1   | Entered Level 1 of the Lair of Beasts
 15100 | Lair:1   | Reached skill level 4 in Air Magic
 15102 | Lair:1   | Reached skill level 7 in Fighting
 15327 | Lair:1   | Reached skill level 8 in Dodging
 15327 | Lair:1   | Reached skill level 8 in Spellcasting
 15578 | Lair:1   | Reached skill level 4 in Necromancy
 16022 | Lair:2   | Reached skill level 11 in Fire Magic
 16132 | Lair:2   | Noticed Urug
 16179 | Lair:2   | Killed Urug
 16179 | Lair:2   | Reached skill level 8 in Armour
 16179 | Lair:2   | Reached skill level 5 in Air Magic
 16205 | Lair:2   | HP: 19/79 [poisoned by a spiny frog]
 16572 | Lair:2   | Reached XP level 13. HP: 83/83 MP: 26/26
 16899 | Lair:2   | Reached skill level 5 in Necromancy
 17127 | Lair:2   | Found a staircase to the Swamp.
 17534 | Lair:3   | Found a staircase to the Snake Pit.
 17536 | Lair:3   | Reached skill level 6 in Air Magic
 17561 | Lair:3   | Offered knowledge of Lightning Bolt by Vehumet.
 17583 | Lair:3   | Learned a level 5 spell: Lightning Bolt
 17850 | Lair:3   | Got a steaming battleaxe
 18127 | Lair:3   | You fall through a shaft!
 18137 | Lair:4   | Reached skill level 1 in Staves
 18157 | Lair:4   | Reached skill level 1 in Evocations
 19166 | Lair:5   | Reached skill level 9 in Dodging
 19257 | Lair:5   | Reached skill level 8 in Fighting
 19363 | Lair:5   | Reached skill level 2 in Staves
 19862 | Lair:5   | Reached skill level 2 in Evocations
 20347 | Lair:6   | Entered Level 6 of the Lair of Beasts
 20347 | Lair:6   | Noticed Nessos
 20380 | Lair:6   | Reached skill level 6 in Necromancy
 20380 | Lair:6   | Reached skill level 7 in Air Magic
 20732 | Lair:6   | HP: 18/85 [yak (46)]
 20741 | Lair:5   | Reached skill level 9 in Armour
 21219 | Lair:5   | Reached skill level 3 in Staves
 21223 | Lair:5   | Reached skill level 9 in Spellcasting
 21223 | Lair:5   | Gained mutation: You can fly continuously. [Tengu growth]
 21223 | Lair:5   | Reached XP level 14. HP: 44/92 MP: 17/28
 21545 | Lair:6   | Reached skill level 3 in Evocations
 21721 | Lair:6   | Killed Nessos
 22130 | Lair:6   | Reached skill level 12 in Fire Magic
 22172 | Lair:6   | Reached skill level 4 in Staves
 22319 | Lair:6   | Reached skill level 8 in Air Magic
 22473 | Lair:6   | Got an ichor-stained mace
 22559 | Lair:6   | Found a viscous altar of Jiyva.
 22560 | Lair:6   | Identified the +4 mace "Moxkaet" {flame, rF+ rC+ rN+} (You found it on level 6 of the Lair of Beasts)
 22561 | Lair:6   | Found a staircase to the Slime Pits.
 22677 | Lair:6   | Offered knowledge of Bolt of Magma by Vehumet.
 22690 | Lair:6   | Reached skill level 7 in Necromancy
 23082 | Lair:6   | Learned a level 5 spell: Bolt of Magma
 23504 | D:2      | Noticed Crazy Yiuf
 23505 | D:2      | Killed Crazy Yiuf
 23934 | D:12     | Reached skill level 4 in Evocations
 24163 | D:12     | Reached skill level 10 in Dodging
 24715 | D:12     | Reached skill level 11 in Conjurations
 24812 | D:12     | Reached skill level 9 in Fighting
 25188 | D:13     | HP: 19/94 [centaur/arrow[a centaur warrior] (13)]
 25368 | D:13     | Found Tillewk's Weapon Boutique.
 25618 | D:13     | Found Faska's Armour Shoppe.
 25694 | D:13     | Reached skill level 10 in Armour
 25694 | D:13     | Reached XP level 15. HP: 55/99 MP: 25/29
 25709 | D:13     | Reached skill level 9 in Air Magic
 25854 | D:13     | Found Fangih's Antique Weapon Shop.
 25883 | D:13     | Found Iphaschi's Antique Armour Shop.
 25904 | D:13     | Found Taijyun's Armour Boutique.
 26402 | D:14     | Found a sparkling altar of Nemelex Xobeh.
 26407 | D:14     | Learned a level 2 spell: Swiftness
 26536 | D:14     | Found a gate to the Vaults.
 26538 | D:14     | Offered knowledge of Venom Bolt by Vehumet.
 26543 | D:14     | Reached skill level 5 in Evocations
 26699 | D:14     | Noticed Roxanne
 27353 | D:14     | Killed Roxanne
 27462 | D:14     | Found a glowing silver altar of Zin.
 27462 | D:14     | Noticed Agnes
 27469 | D:14     | Killed Agnes
 27789 | D:14     | Reached skill level 10 in Spellcasting
 27978 | D:15     | Entered Level 15 of the Dungeon
 28350 | D:15     | Reached skill level 12 in Conjurations
 28350 | D:15     | Reached skill level 10 in Air Magic
 28605 | D:15     | Found a sacrificial altar of Ru.
 28634 | D:15     | Reached skill level 13 in Fire Magic
 28635 | D:15     | Reached ****** piety under Vehumet
 28659 | D:15     | Reached skill level 10 in Fighting
 29218 | D:15     | Offered knowledge of Orb of Destruction by Vehumet.
 29247 | D:15     | Learned a level 7 spell: Orb of Destruction
 29442 | D:15     | Found a staircase to the Depths.
 29762 | Orc:1    | Entered Level 1 of the Orcish Mines
 29984 | Orc:1    | Reached XP level 16. HP: 71/106 MP: 24/31
 29989 | Orc:1    | Reached skill level 11 in Air Magic
 30568 | Orc:2    | Entered Level 2 of the Orcish Mines
 30580 | Orc:2    | Reached skill level 11 in Spellcasting
 30632 | Orc:2    | Found a roughly hewn altar of Beogh.
 31242 | Orc:2    | Found Filoaff's Distillery.
 31243 | Orc:2    | Found a staircase to the Elven Halls.
 31251 | Orc:2    | Bought a potion of curing for 36 gold pieces
 31251 | Orc:2    | Bought a potion of haste for 120 gold pieces
 31251 | Orc:2    | Bought a potion of heal wounds for 60 gold pieces
 31251 | Orc:2    | Bought a potion of brilliance for 48 gold pieces
 31400 | Orc:2    | Found Ifful's Antique Weapon Boutique.
 31483 | Orc:2    | Noticed Nergalle
 31485 | Orc:2    | Killed Nergalle
 31495 | Orc:2    | Found an ancient bone altar of Kikubaaqudgha.
 31577 | Orc:2    | Reached skill level 13 in Conjurations
 31727 | Orc:2    | Found a radiant altar of Vehumet.
 31785 | Orc:2    | Found a roughly hewn altar of Beogh.
 31785 | Orc:2    | Found Plog's Magic Scroll Shop.
 31899 | Orc:2    | Found Hicuk's Gadget Shop.
 31931 | Orc:2    | Bought a scroll of enchant armour for 112 gold pieces
 32063 | Orc:2    | Found Ywookiom's Distillery.
 32070 | Orc:2    | Bought a potion of heal wounds for 75 gold pieces
 32070 | Orc:2    | Bought a potion of heal wounds for 75 gold pieces
 32070 | Orc:2    | Bought a potion of curing for 45 gold pieces
 32070 | Orc:2    | Bought a potion of curing for 45 gold pieces
 32070 | Orc:2    | Bought a potion of resistance for 150 gold pieces
 32070 | Orc:2    | Bought a potion of brilliance for 60 gold pieces
 32070 | Orc:2    | Bought a potion of curing for 45 gold pieces
 32070 | Orc:2    | Bought a potion of curing for 45 gold pieces
 32070 | Orc:2    | Bought a potion of curing for 45 gold pieces
 32070 | Orc:2    | Bought a potion of heal wounds for 75 gold pieces
 32070 | Orc:2    | Bought a potion of curing for 45 gold pieces
 32458 | Swamp:1  | Entered Level 1 of the Swamp
 32782 | Swamp:1  | Offered knowledge of Spellforged Servitor by Vehumet.
 32992 | D:13     | Learned a level 7 spell: Spellforged Servitor
 33987 | Swamp:1  | HP: 23/106 [something (31)]
 34210 | Swamp:1  | Got an ichor-stained robe
 34211 | Swamp:1  | Identified the +1 robe of Irghat {rPois rF+} (You found it on level 1 of the Swamp)
 34659 | Swamp:2  | Reached skill level 14 in Fire Magic
 35476 | Swamp:3  | Noticed garbagetei's ghost (adept GrEE)
 35644 | Swamp:3  | Killed garbagetei's ghost
 35915 | Swamp:3  | Reached skill level 14 in Conjurations
 35988 | Swamp:3  | Reached skill level 12 in Spellcasting
 36387 | Swamp:3  | Reached XP level 17. HP: 82/113 MP: 17/34
 36916 | Swamp:4  | Entered Level 4 of the Swamp
 36946 | Swamp:4  | Offered knowledge of Poison Arrow by Vehumet.
 37988 | Swamp:4  | Reached skill level 11 in Armour
 38258 | Swamp:4  | Reached skill level 11 in Dodging
 38290 | Swamp:4  | Noticed the 27-headed Lernaean hydra
 38492 | Swamp:4  | Killed the 27-headed Lernaean hydra
 38674 | Swamp:3  | Reached skill level 11 in Fighting
 39242 | Swamp:4  | Got a decaying rune of Zot
 39567 | Snake:1  | Entered Level 1 of the Snake Pit
 40036 | Snake:1  | Found Cosmel Hep's Antique Weapon Shoppe.
 40265 | Snake:1  | Reached skill level 1 in Charms
 40416 | Snake:1  | Offered knowledge of Fire Storm by Vehumet.
 40416 | Snake:1  | Offered knowledge of Chain Lightning by Vehumet.
 40416 | Snake:1  | Offered knowledge of Tornado by Vehumet.
 40749 | Snake:2  | Reached skill level 15 in Conjurations
 40751 | Snake:2  | Noticed Aizul
 40921 | Snake:2  | Found Egimekue's Armour Emporium.
 40939 | Snake:2  | Reached skill level 15 in Fire Magic
 41423 | Snake:2  | HP: 28/114 [shock serpent/bolt of electricity (28)]
 41428 | Snake:2  | HP: 21/114 [naga/trident (3)]
 41778 | Snake:2  | Found Rythroptey's Weapon Shoppe.
 41858 | Snake:2  | Reached XP level 18. HP: 96/121 MP: 15/35
 42102 | Snake:2  | Killed Aizul
 43373 | Snake:3  | Reached skill level 16 in Conjurations
 44505 | Snake:3  | HP: 15/121 [nagaraja/halberd (20)]
 45549 | Snake:4  | Entered Level 4 of the Snake Pit
 45620 | Snake:4  | Reached skill level 13 in Spellcasting
 45624 | Snake:4  | Reached skill level 16 in Fire Magic
 46815 | Snake:4  | Reached skill level 17 in Conjurations
 47540 | Snake:4  | Noticed Vashnia
 47544 | Snake:4  | Reached XP level 19. HP: 123/125 MP: 4/37
 48042 | Snake:4  | HP: 20/125 [Vashnia/bolt (25)]
 48400 | Snake:4  | Killed Vashnia
 48400 | Snake:4  | Reached skill level 17 in Fire Magic
 49094 | Snake:4  | Reached skill level 18 in Conjurations
 49146 | Snake:4  | Got a serpentine rune of Zot
 49436 | Snake:4  | Noticed Jorgrun
 49442 | Snake:4  | Killed Jorgrun
 49479 | Snake:4  | Learned a level 2 spell: Blink
 49918 | Elf:1    | Entered Level 1 of the Elven Halls
 50065 | Elf:1    | Found a portal to a secret trove of treasure.
 50328 | Elf:1    | Found a ruined gateway.
 50350 | Desolati | Entered the Desolation of Salt
 50454 | Desolati | HP: 29/125 [??? (38)]
 50454 | Desolati | HP: 13/125 [saltling (16)]
 50492 | Desolati | Got a twisted scimitar {flame}
 50492 | Desolati | Got a dazzling shortbow
 50869 | Desolati | Identified the Handbook of the Venomous Birds
 50872 | Desolati | Got a pitted quarterstaff
 50885 | Desolati | Got a translucent lajatang
 50887 | Desolati | Identified the cursed +3 quarterstaff of the Desert {freeze, *Slow rN+++ Str+5} (You found it in the Desolation of Salt)
 50888 | Desolati | Identified the +6 lajatang "Noocy" {freeze, Int+3} (You found it in the Desolation of Salt)
 51128 | Desolati | Reached skill level 1 in Translocations
 51553 | Desolati | Reached skill level 12 in Air Magic
 51862 | Desolati | Identified the Disquisition on Excruciating Cold
 51866 | Desolati | Identified Sif Muna's Catalogue of Burning Transformation
 51933 | Desolati | Reached skill level 2 in Translocations
 51960 | Desolati | Killed from afar by a crystal guardian

Skill      XL: |  1  2  3  4  5  6  7  8  9 10 11 12 13 14 15 16 17 18 19 |
---------------+----------------------------------------------------------+-----
Conjurations   | 2 3 4 5 6 7 9 10 11 12 14 15 17 18 | 18.9
Fire Magic     | 4 5 6 7 8 9 10 11 12 13 14 15 16 17 | 17.8
Spellcasting   | 3 4 5 6 7 8 9 10 12 13 | 13.9
Shields        | 4 |  4.4
Fighting       | 1 3 5 6 7 8 9 10 11 | 11.1
Armour         | 1 3 5 6 8 9 10 11 | 11.4
Dodging        | 3 4 6 7 8 9 10 11 | 11.3
Necromancy     | 2 4 6 7 |  7.0
Air Magic      | 2 5 7 8 10 11 12 | 12.1
Staves         | 3 4 |  4.9
Evocations     | 2 4 5 |  5.0
Charms         | 1 |  1.9
Translocations | 2 |  2.0
Stealth        | |  2.0

Action                   |  1- 3 |  4- 6 |  7- 9 | 10-12 | 13-15 | 16-18 | 19-21 || total
-------------------------+-------+-------+-------+-------+-------+-------+-------++-------
Melee: Dagger            |    43 |    10 |       |       |       |       |       ||    53
       Kick              |     8 |     8 |     8 |     9 |    66 |    65 |    20 ||   184
       Peck              |     8 |     7 |    12 |     7 |    44 |    50 |    13 ||   141
       Mace              |       |    32 |    63 |    40 |   186 |   165 |       ||   486
       Staff             |       |       |       |       |    35 |   148 |    52 ||   235
Throw: Throwing net      |       |       |     1 |       |       |       |     1 ||     2
 Cast: Flame Tongue      |    45 |    78 |   113 |   216 |   194 |    30 |       ||   676
       Conjure Flame     |       |     5 |     3 |     4 |       |       |       ||    12
       Sticky Flame      |       |     4 |    34 |   104 |   151 |    53 |       ||   346
       Shock             |       |       |     3 |     6 |       |       |       ||     9
       Fireball          |       |       |       |    39 |   126 |   223 |    80 ||   468
       Airstrike         |       |       |       |     9 |    35 |    82 |     9 ||   135
       Regeneration      |       |       |       |     2 |     2 |       |       ||     4
       Lightning Bolt    |       |       |       |       |    30 |       |       ||    30
       Bolt of Magma     |       |       |       |       |    81 |   263 |    91 ||   435
       Orb of Destructio |       |       |       |       |       |     8 |     5 ||    13
       Swiftness         |       |       |       |       |       |     2 |       ||     2
 Abil: Blink             |       |     3 |       |     5 |    13 |     9 |     4 ||    34
       Fly               |       |       |       |       |     2 |       |       ||     2
       Stop Flying       |       |       |       |       |     1 |       |       ||     1
  Use: Scroll            |       |     7 |     8 |     9 |    24 |    13 |     5 ||    66
       Potion            |       |     1 |       |     3 |     6 |     5 |     6 ||    21
 Stab: Distracted        |       |       |       |       |     2 |       |       ||     2
  Eat: Chunk             |     3 |     4 |    13 |    21 |    52 |    36 |     3 ||   132
       Ration            |       |     2 |     3 |     5 |    11 |    24 |     7 ||    52
Armor: Robe              |    10 |    18 |    30 |     4 |       |       |       ||    62
       Troll leather arm |       |       |       |    51 |    96 |    24 |       ||   171
       Swamp dragon scal |       |       |       |       |       |   119 |    22 ||   141
Dodge: Dodged            |    51 |    52 |    80 |   153 |   431 |   459 |    84 ||  1310
Block: Other             |       |       |     4 |       |       |       |       ||     4
       Buckler           |       |       |    64 |   125 |   335 |   298 |    49 ||   871

Vault maps used:
D:1:      lightli_arrival_flooded_house
D:2:      kennysheep_big_flooded_room, first_ration, grunt_ministairs_3,
          minmay_door_square, uniq_crazy_yiuf_cottage, uniq_sigmund
D:4:      uniq_grinder, uniq_edmund
D:5:      kennysheep_little_box, serial_park_tiny_2, ashenzari_altar_1,
          uniq_ijyb, uniq_duvessa, uniq_eustachio
D:6:      elyvilon_altar_3, minmay_temple_entry_water_ring, serial_shops,
          nicolae_shop_temple_entry_statues_fountains, nicolae_shop_trees,
          nicolae_shop_trees, shop_coins, kennysheep_generic_room_8
D:7:      minmay_liquid_box
D:8:      lair_entry_dummy
D:10:     minmay_bloctagon, zombieorc2_lemuel, uniq_snorg
D:11:     serial_shops, kennysheep_mini, hangedman_pestilent_swarm,
          hangedman_decor_peaks_small, fedhas_altar_decomposition
D:12:     nicolae_underground_beach
D:13:     serial_shops, kennysheep_mini_moat, nicolae_shop_behind_doors,
          nicolae_shop_trees, nicolae_shop_waterfront, shop
D:14:     david_vaults_2, serial_column_ruins, column_ruins_hut,
          column_ruins_hut_ruined, column_ruins_columns_dead_end,
          column_ruins_grid_3, column_ruins_columns_T, column_ruins_open_tiny,
          column_ruins_grid_1, column_ruins_corridor_T,
          nemelex_xobeh_ov_fountains_minmay, basic_altar,
          minmay_fire_ice_demons, uniq_roxanne, uniq_agnes
D:15:     grunt_enter_depths_magical_seal, nicolae_ru_sacrificial_ziggurat
Temple:   regret_index_temple_chain_breaker
Lair:1:   special_room
Lair:2:   nicolae_swamp_entry_splash_gauntlet, serial_bayou,
          serial_bayou_pond_b, serial_bayou_pond_e, serial_bayou_pond_e,
          serial_bayou_pond_e, serial_bayou_pond_a, uniq_urug
Lair:3:   guppyfry_snake_entry_island
Lair:5:   grunt_forest_small_clearing_treed, infiniplex_staircase_pool,
          grunt_megastairs_2
Lair:6:   gammafunk_lair_ancient_temple, dpeg_slime_entry_enclosed_altar,
          st_stairs_5, minmay_hedge_maze, uniq_nessos
Swamp:1:  evilmike_swamp_ruin_house_2
Swamp:2:  infiniplex_staircase_pool_2
Swamp:3:  evilmike_swamp_ruin_rubble_1, swamp_pool3
Swamp:4:  swamp_old_school, swamp_pool2
Snake:1:  kennysheep_six_static_rooms, serial_shops, nicolae_shop_stone
Snake:2:  minmay_shoptagon, uniq_aizul
Snake:4:  snake_pit, uniq_jorgrun, uniq_vashnia
Orc:1:    elves_outpost_lemuel
Orc:2:    kennysheep_orc_mage_school, basic_altar, serial_shops, shop,
          nicolae_orc_bridge_out
Elf:1:    portal_desolation_entry_garden, nicolae_trove_entry_free_sample,
          minmay_elf_necromancy

Table legend:
 A = Turns spent in this place as a percentage of turns spent in the entire game.
 B = Non-inter-level travel turns spent in this place as a percentage of non-inter-level travel turns spent in the entire game.
 C = Inter-level travel turns spent in this place as a percentage of turns spent in this place.
 D = Turns resting spent in this place as a percentage of non-inter-level travel turns spent in this place.
 E = Turns spent auto-exploring this place as a percentage of non-inter-level travel turns spent in this place.
 F = Non-inter-level travel turns spent in this place divided by the number of levels of this place that you've seen.
                   A       B       C       D       E      F
               +-------+-------+-------+-------+-------+----------------------
         Total | 100.0 | 100.0 |   4.0 |  32.2 |  31.8 | 1466.6
       Dungeon |  42.0 |  41.1 |   6.1 |  25.1 |  36.4 | 1367.0
        Temple |   0.3 |   0.3 |   0.0 |   0.0 |   8.8 | 137.0
          Lair |  17.5 |  17.5 |   4.0 |  23.4 |  34.6 | 1450.7
         Swamp |  12.4 |  12.6 |   2.1 |  41.0 |  28.6 | 1571.5
     Snake Pit |  19.2 |  19.7 |   1.6 |  49.2 |  25.4 | 2454.2
  Orcish Mines |   4.8 |   4.8 |   4.5 |  25.9 |  29.8 | 1187.5
   Elven Halls |   0.8 |   0.9 |   0.2 |  13.9 |  48.5 | 431.0
    Desolation |   3.1 |   3.2 |   0.0 |  50.1 |  10.3 | 1610.0
               +-------+-------+-------+-------+-------+----------------------

Table legend:
 A = Kills in this place as a percentage of kills in entire the game.
 B = Kills by you in this place as a percentage of kills by you in the entire game.
 C = Kills by friends in this place as a percentage of kills by friends in the entire game.
 D = Other kills in this place as a percentage of other kills in the entire game.
 E = Experience gained in this place as a percentage of experience gained in the entire game.
 F = Experience gained in this place divided by the number of levels of this place that you have seen.
                   A       B       C       D       E      F
               +-------+-------+-------+-------+-------+----------------------
         Total | 100.0 | 100.0 |   N/A |   N/A | 100.0 | 11507.0
       Dungeon |  40.7 |  40.7 |   N/A |   N/A |  19.0 | 4957.8
          Lair |  16.7 |  16.7 |   N/A |   N/A |  13.6 | 8844.8
         Swamp |  11.0 |  11.0 |   N/A |   N/A |  17.1 | 16727.2
     Snake Pit |  16.5 |  16.5 |   N/A |   N/A |  33.3 | 32616.0
  Orcish Mines |   8.1 |   8.1 |   N/A |   N/A |   5.3 | 10306.0
   Elven Halls |   1.2 |   1.2 |   N/A |   N/A |   2.4 | 9548.0
    Desolation |   5.7 |   5.7 |   N/A |   N/A |   9.3 | 36268.0
               +-------+-------+-------+-------+-------+----------------------
